 Dungeon Crawl Stone Soup version 0.31-a0-152-g6aa68a64a1 (webtiles) character file.

Game seed: 16321723465045650211

210 qw the Shooter (level 5, -1/32 HPs)
             Began as a Gargoyle Hunter on June 10, 2023.
             Slain by a gnoll
             ... wielding a +0 spear
              (5 damage)
             ... on level 3 of the Dungeon.
             The game lasted 00:00:44 (1614 turns).

qw the Shooter (Gargoyle Hunter)                    Turns: 1614, Time: 00:00:44

Health: -1/32      AC: 10    Str: 15    XL:     5   Next: 88%
Magic:  5/5        EV: 11    Int: 12    God:
Gold:   121        SH:  0    Dex: 15    Spells: 4/4 levels left

rFire   . . .        Y - +0 shortbow
rCold   . . .        (shield currently unavailable)
rNeg    + . .        g - +0 ring mail "Camye" {rCorr Int+3}
rPois   inf          (no helmet)
rElec   +            i - +0 cloak
rCorr   +            (no gloves)
SInv    .            (no boots)
Will    .....        (no amulet)
Stlth   +            (no ring)
HPRegen 0.25/turn    (no ring)
MPRegen 0.09/turn

%: no passive effects
@: no status effects
A: sickness immunity, AC +4, negative energy resistance 1, electricity
resistance, torment resistance 1, petrification resistance
a: no special abilities


You were on level 3 of the Dungeon.
You visited 1 branch of the dungeon, and saw 3 of its levels.

You collected 121 gold pieces.


Innate Abilities, Weirdness & Mutations

You are immune to sickness and miasma.
Your stone body is resilient. (AC +4)
You are immune to poison.
You resist negative energy. (rN+)
You are resistant to electric shocks. (rElec)
You are resistant to unholy torment.
You are immune to petrification.


   Skills:
 - Level 3.0 Fighting
 + Level 5.7 Ranged Weapons
 - Level 3.2 Armour
 - Level 1.5 Dodging
 - Level 1.1 Stealth


You had 4 spell levels left.
You didn't know any spells.
Your spell library was empty.

Inventory:

Hand Weapons
 Y - a +0 shortbow (weapon)
Armour
 g - the +0 ring mail "Camye" (worn) {rCorr Int+3}
   (You found it on level 2 of the Dungeon)

   Int:       It affects your intelligence (+3).
   rCorr:     It protects you from acid and corrosion.
 i - a +0 cloak (worn)
Scrolls
 a - a scroll of identify
Potions
 b - a potion of curing {unknown}
 e - a potion of attraction {unknown}
 f - a potion of lignification {unknown}
 h - a potion of might {unknown}
 m - a potion of invisibility {unknown}

Dungeon Overview and Level Annotations

Branches:
Dungeon (3/15)

Altars:


Message History

You shoot an arrow. The arrow hits the gnoll.
The gnoll is almost dead.
The gnoll misses you. The gnoll closely misses you.
A gnoll comes into view. It is wielding a +0 whip.
You shoot an arrow. The arrow hits the gnoll!
You kill the gnoll!
The gnoll closely misses you.
You shoot an arrow.
The arrow hits the kobold but does no damage.
The gnoll hits you but does no damage. The kobold hits you with a +0 whip.
You shoot an arrow. The arrow barely misses the kobold.
The arrow hits the gnoll.
The gnoll is lightly wounded.
A rat comes into view.
The gnoll closely misses you. The kobold hits you with a +0 whip.
You shoot an arrow. The arrow hits the kobold.
You kill the kobold!
The gnoll barely misses you. The gnoll misses you.
The gnoll hits you from afar with a +0 spear.
You shoot an arrow. The arrow hits the gnoll.
The gnoll is moderately wounded.
The gnoll hits you but does no damage. The gnoll hits you with a +0 whip.
You shoot an arrow. The arrow hits the gnoll!
You kill the gnoll!
The gnoll barely misses you.
You shoot an arrow. The arrow hits the orc.
The orc is severely wounded.
The gnoll closely misses you. The orc hits you but does no damage.
You shoot an arrow. The arrow hits the orc!
You kill the orc!
The gnoll hits you but does no damage. The rat bites you but does no damage.
The gnoll hits you but does no damage.
You shoot an arrow.
The arrow hits the rat but does no damage.
The rat closely misses you.
The gnoll hits you from afar with a +0 spear.
You shoot an arrow. The arrow hits the rat!
You kill the rat!
The gnoll hits you from afar with a +0 spear.
You die...

# .# ..#
#####g..##.
#..@)).....
######'####.###.
#......<....#
#..............
#..........####
#.............
#.....(....###
#..........#
............#


You could see a gnoll.

Vanquished Creatures
  A black bear (D:3)
  3 gnolls (D:3)
  2 adders (D:2)
  A worm (D:2)
  2 dart slugs (D:2)
  An orc (D:3)
  4 ball pythons (D:1)
  7 bats
  3 endoplasms
  2 giant cockroaches
  8 hobgoblins
  6 jackals (D:1)
  7 quokkas
  2 frilled lizards
  3 goblins
  5 kobolds
  6 rats
63 creatures vanquished.

Notes
Turn   | Place    | Note
-------+----------+-------------------------------------------
     0 | D:1      | qw the Gargoyle Hunter began the quest for the Orb.
     0 | D:1      | Reached XP level 1. HP: 12/12 MP: 1/1
     0 | D:1      | 0 ||| qw: Version: 0.2-a-29-g0080da8
     0 | D:1      | 0 ||| qw: Game counter: 3852
     0 | D:1      | 0 ||| qw: Always use a shield: true
     0 | D:1      | 0 ||| qw: God list: Okawaru
     0 | D:1      | 0 ||| qw: Allow faded altars: false
     0 | D:1      | 0 ||| qw: Do Orc after D:15 true
     0 | D:1      | 0 ||| qw: Do second Lair branch before Depths: true
     0 | D:1      | 0 ||| qw: Lair rune preference: random
     0 | D:1      | 0 ||| qw: Plans: Normal, Zot:1-4, Slime:5, God:TSO, Crypt,
                  | Tomb, Abyss, Pan, Hells, Win
     0 | D:1      | 0 ||| PLANNING D:1-11
   106 | D:1      | Found a faded altar of an unknown god.
   113 | D:1      | Reached XP level 2. HP: 17/17 MP: 2/2
   120 | D:1      | 120 ||| FLEEEEING.
   294 | D:1      | Reached XP level 3. HP: 21/21 MP: 3/3
   368 | D:1      | Reached skill level 5 in Ranged Weapons
   775 | D:1      | You fall into a shaft and drop 1 floor!
   801 | D:2      | Reached skill level 3 in Fighting
   804 | D:2      | 804 ||| READING 3 scrolls labelled HYJAOR TUXOAC.
   805 | D:2      | 805 ||| READING 2 scrolls of identify.
   805 | D:2      | 805 ||| IDENTIFYING pink potion
   806 | D:2      | 806 ||| DROPPING scroll of butterflies.
   807 | D:2      | 807 ||| DROPPING potion of degeneration.
  1064 | D:2      | Reached XP level 4. HP: 28/28 MP: 4/4
  1168 | D:2      | Identified the +0 ring mail "Camye" {rCorr Int+3}
  1495 | D:2      | 1495 ||| UPGRADING to +0 ring mail "Camye" {rCorr Int+3}.
  1505 | D:2      | 1505 ||| DROPPING +0 leather armour.
  1506 | D:2      | 1506 ||| UPGRADING to +0 cloak.
  1511 | D:2      | 1511 ||| READING 2 scrolls labelled NULLEA SEUBB.
  1512 | D:2      | 1512 ||| READING scroll labelled ITZYGUWUNU.
  1513 | D:2      | 1513 ||| READING scroll labelled UKHELY POAZ.
  1514 | D:2      | 1514 ||| DRINKING 2 fizzy white potions.
  1515 | D:2      | 1515 ||| DROPPING scroll of fear.
  1516 | D:2      | 1516 ||| DROPPING potion of brilliance.
  1552 | D:3      | Noticed a black bear
  1561 | D:3      | Killed a black bear
  1562 | D:3      | Reached skill level 3 in Armour
  1562 | D:3      | Reached XP level 5. HP: 11/32 MP: 5/5
  1607 | D:3      | HP: 8/32 [kobold/+0 whip (2)]
  1613 | D:3      | HP: 3/32 [gnoll/+0 spear (2)]
  1614 | D:3      | Slain by a gnoll

Levels and vault maps discovered:
D:1:      dpeg_arrival_arbitrary_a, layout_loops_ring,
          hellmonk_ecumenical_altar_blasted, minmay_misc_feat_chi
D:2:      layout_rooms, minmay_fractal_squares_gapless_5
D:3:      layout_basic, fedhas_altar_1

Skill      XL: |  1  2  3  4 |
---------------+-------------+-----
Ranged Weapons | 5 |  5.7
Fighting       | 3 |  3.0
Armour         | 3 |  3.2
Dodging        | |  1.5
Stealth        | |  1.1

Action                     |  1- 3 |  4- 6 || total
---------------------------+-------+-------++-------
   Fire: Shortbow          |   113 |    78 ||   191
    Use: Scroll            |     2 |     3 ||     5
         Potion            |       |     1 ||     1
 Armour: Leather armour    |    25 |     5 ||    30
         Ring mail         |       |    16 ||    16
  Dodge: Dodged            |    41 |    34 ||    75

Table legend:
 A = Non-vault XP
 B = Vault XP
 C = Vault XP percentage of total XP
 D = Non-vault monster count
 E = Vault monster count
 F = Vault count percentage of total count
                 A         B        C        D         E       F
            +---------+---------+-------+---------+---------+-------
      Total |     296 |       6 |   2.0 |      60 |       3 |   4.8
            +---------+---------+-------+---------+---------+-------
        D:1 |      55 |       0 |   0.0 |      32 |       0 |   0.0
        D:2 |      64 |       6 |   8.6 |      20 |       3 |  13.0
        D:3 |     177 |       0 |   0.0 |       8 |       0 |   0.0
            +---------+---------+-------+---------+---------+-------
